Workbook
Name AbaDeprec: '5. Depreciação'!$A$1
Name AbaRemun: '6.Remuneração de capital'!$A$1

Sheet 1. Coleta de resíduos sólidos
A1: 1. Coleta de Resíduos Sólidos
A2: Planilha de Composição de Custos
A4: Orçamento Sintético
A5: Descrição do Item | E5: Custo (R$/mês) | F5: %
A6: =A33 -> 1. Mão-de-obra | E6: =+F67 -> 3521.67 | F6: =IFERROR(E6/$E$23,0) -> 0.12725334
A7: =A34 -> 1.1. Coletor | E7: =F42 -> 1656.96 | F7: =IFERROR(E7/$E$23,0) -> 0.059873212
A8: =A44 -> 1.2. Motorista | E8: =F51 -> 1235.29 | F8: =IFERROR(E8/$E$23,0) -> 0.04463643
A9: =A53 -> 1.3. Vale Transporte | E9: =F59 -> 186.36 | F9: =IFERROR(E9/$E$23,0) -> 0.0067340019
A10: =A61 -> 1.4. Auxílio alimentação | E10: =F65 -> 443.06 | F10: =IFERROR(E10/$E$23,0) -> 0.016009696
A11: =A69 -> 2. Uniformes e Equipamentos de Proteção Individual | E11: =+F100 -> 224.56 | F11: =IFERROR(E11/$E$23,0) -> 0.0081143349
A12: =A102 -> 3. Veículos e Equipamentos | E12: =+F164 -> 18125 | F12: =IFERROR(E12/$E$23,0) -> 0.65493552
A13: =A103 -> 3.1. Veículo Coletor Compactador 12 m³ | E13: =SUM(E14:E19) -> 15910.2 | F13: =IFERROR(E13/$E$23,0) -> 0.57490511
A14: =A104 -> 3.1.1. Depreciação | E14: =F111 -> 3208.6 | F14: =IFERROR(E14/$E$23,0) -> 0.11594075
A15: =A113 -> 3.1.2. Remuneração de capital | E15: =F121 -> 3667.05 | F15: =IFERROR(E15/$E$23,0) -> 0.13250655
A16: =A123 -> 3.1.3. Impostos e Seguros | E16: =F129 -> 488.3 | F16: =IFERROR(E16/$E$23,0) -> 0.017644415
A17: =A131 -> 3.1.4. Consumos | E17: =F147 -> 5635.56 | F17: =IFERROR(E17/$E$23,0) -> 0.20363743
A18: =A149 -> 3.1.5. Manutenção | E18: =F152 -> 2303.39 | F18: =IFERROR(E18/$E$23,0) -> 0.083231555
A19: =A154 -> 3.1.6. Pneus | E19: =F161 -> 607.3 | F19: =IFERROR(E19/$E$23,0) -> 0.021944405
A20: =A166 -> 4. Ferramentas e Materiais de Consumo | E20: =+F172 -> 18.33 | F20: =IFERROR(E20/$E$23,0) -> 0.00066234307
A21: =A174 -> 5. Monitoramento da Frota | E21: =+F182 -> 103.99 | F21: =IFERROR(E21/$E$23,0) -> 0.0037576135
A22: =A186 -> 6. Benefícios e Despesas Indiretas - BDI | E22: =+F191 -> 5680.93 | F22: =IFERROR(E22/$E$23,0) -> 0.20527685
A23: PREÇO TOTAL MENSAL COM A COLETA | E23: =E6+E11+E12+E20+E21+E22 -> 27674.48 | F23: =F6+F11+F12+F20+F21+F22 -> 1
A26: Quantitativos
A27: Mão-de-obra | E27: Quantidade | F27: Fator de Utilização
A28: =+A34 -> 1.1. Coletor | E28: 2 | F28: 0.19
A29: =+A44 -> 1.2. Motorista | E29: 1 | F29: 0.32
A30: Veículos | E30: Quantidade | F30: Fator de Utilização
A31: =+A103 -> 3.1. Veículo Coletor Compactador 12 m³ | E31: 1 | F31: ='7. Dimensionamento'!F26 -> 1
A33: 1. Mão-de-obra
A34: 1.1. Coletor
A35: Discriminação | B35: Unidade | C35: Quantidade | D35: Custo unitário | E35: Subtotal | F35: Total (R$)
A36: Piso da categoria | B36: mês | C36: 1 | D36: 1816.57 | E36: =C36*D36 -> 1816.57
A37: Adicional de Insalubridade | B37: % | C37: 40 | D37: =SUM(E36:E36) -> 1816.57 | E37: =C37*D37/100 -> 726.628
A38: Soma | E38: =SUM(E36:E37) -> 2543.198
A39: Encargos Sociais | B39: % | C39: ='2.Encargos Sociais'!$C$32*100 -> 71.45466 | D39: =E38 -> 2543.198 | E39: =D39*C39/100 -> 1817.2335
A40: Total por Coletor | E40: =E38+E39 -> 4360.4315
A41: Total do Efetivo | B41: homem | C41: =E28 -> 2 | D41: =E40 -> 4360.4315 | E41: =C41*D41 -> 8720.863
D42: Fator de utilização | E42: =F28 -> 0.19 | F42: =ROUND(E41*E42,2) -> 1656.96
A44: 1.2. Motorista
A45: Discriminação | B45: Unidade | C45: Quantidade | D45: Custo unitário | E45: Subtotal | F45: Total (R$)
A46: Piso da categoria (2) | B46: mês | C46: 1 | D46: 2251.49 | E46: =C46*D46 -> 2251.49
A47: Soma | E47: =SUM(E46:E46) -> 2251.49
A48: Encargos Sociais | B48: % | C48: ='2.Encargos Sociais'!$C$32*100 -> 71.45466 | D48: =E47 -> 2251.49 | E48: =D48*C48/100 -> 1608.7945
A49: Total por Motorista | E49: =E47+E48 -> 3860.2845
A50: Total do Efetivo | B50: homem | C50: =E29 -> 1 | D50: =E49 -> 3860.2845 | E50: =C50*D50 -> 3860.2845
D51: Fator de utilização | E51: =F29 -> 0.32 | F51: =ROUND(E50*E51,2) -> 1235.29
A53: 1.3. Vale Transporte
A54: Discriminação | B54: Unidade | C54: Quantidade | D54: Custo unitário | E54: Subtotal | F54: Total (R$)
A55: Vale Transporte | B55: R$ | C55: 1 | D55: 5.85 | E55: =C55*D55 -> 5.85
A56: Dias Trabalhados por mês | B56: dia | C56: =4.33*2 -> 8.66
A57: Coletor | B57: vale | C57: =$C$56*2*(C41) -> 34.64 | D57: =IFERROR((($C$56*2*$D$55)-(E36*0.06*C56/26))/($C$56*2),"-") -> 3.7539577 | E57: =IFERROR(C57*D57,"-") -> 130.03709
A58: Motorista | B58: vale | C58: =$C$56*2*(C50) -> 17.32 | D58: =IFERROR((($C$56*2*$D$55)-(E46*0.06*C56/26))/($C$56*2),"-") -> 3.2521269 | E58: =IFERROR(C58*D58,"-") -> 56.326838
F59: =ROUND(SUM(E57:E58),2) -> 186.36
A61: 1.4. Auxílio alimentação
A62: Discriminação | B62: Unidade | C62: Quantidade | D62: Custo unitário | E62: Subtotal | F62: Total (R$)
A63: =+A57 -> Coletor | B63: unidade | C63: =C56*(E28) -> 17.32 | D63: =23.68*0.81 -> 19.1808 | E63: =C63*D63 -> 332.21146
A64: =+A58 -> Motorista | B64: unidade | C64: =C56*(E29) -> 8.66 | D64: =16*0.8 -> 12.8 | E64: =C64*D64 -> 110.848
F65: =ROUND(SUM(E63:E64),2) -> 443.06
A67: Custo Mensal com Mão-de-obra (R$/mês) | F67: =ROUND(SUM(F65,F59,F51,F42),2) -> 3521.67
A69: 2. Uniformes e Equipamentos de Proteção Individual
A70: 2.1. Uniformes e EPIs para Coletores
A71: Discriminação | B71: Unidade | C71: Durabilidade (meses) | D71: Custo unitário | E71: Subtotal | F71: Total (R$)
A72: Chapéu ou boné tipo árabe ou legionário ou que cumpra a mesma função para auxílio na proteção contra radiação solar; | B72: unidade | C72: 3 | D72: 18 | E72: =IFERROR(D72/C72,0) -> 6
A73: Protetor solar (frasco de 120g) | B73: frasco 120g | C73: 2 | D73: 18.76 | E73: =IFERROR(D73/C73,0) -> 9.38
A74: Jaqueta com refletivo que atenda a NBR 15.292 | B74: unidade | C74: 6 | D74: 170 | E74: =IFERROR(D74/C74,0) -> 28.333333
A75: Óculos de proteção contra radiação solar | B75: unidade | C75: 6 | D75: 2.85 | E75: =IFERROR(D75/C75,0) -> 0.475
A76: Calças compridas com sinalização refletiva | B76: unidade | C76: 3 | D76: 70 | E76: =IFERROR(D76/C76,0) -> 23.333333
A77: Camisa com mangas curtas em malha de algodão com sinalização refletiva | B77: unidade | C77: 3 | D77: 26 | E77: =IFERROR(D77/C77,0) -> 8.6666667
A78: Camisa com mangas longas em malha de algodão com sinalização refletiva | B78: unidade | C78: 3 | D78: 30 | E78: =IFERROR(D78/C78,0) -> 10
A79: Calçado de segurança do tipo tênis aprovado, no mínimo, para proteção contra impactos de quedas sobre os artelhos e contra agentes abrasivos, escoriantes e perfurantes, com absorção de energia na área do salto (calcanhar) e com resistência ao escorregamento | B79: par | C79: 3 | D79: 70 | E79: =IFERROR(D79/C79,0) -> 23.333333
A80: Luva de segurança aprovada para proteção das mãos do usuário contra agentes abrasivos, escoriantes, cortantes e perfurantes, aprovada para o ensaio de resistência a corte por lâmina e para o ensaio de resistência à perfuração | B80: par | C80: 1 | D80: 10 | E80: =IFERROR(D80/C80,0) -> 10
A81: Capa de chuva na cor amarela, com refletivo que atenda a NBR 15.292 | B81: unidade | C81: 6 | D81: 42 | E81: =IFERROR(D81/C81,0) -> 7
A82: Meia de algodão com cano alto | B82: par | C82: 3 | D82: 10 | E82: =C82*D82 -> 30
A83: Colete refletivo | B83: unidade | C83: 6 | D83: 20 | E83: =C83*D83 -> 120
A84: Total do Efetivo | B84: homem | C84: =E28 -> 2 | D84: =+SUM(E72:E83) -> 276.52167 | E84: =C84*D84 -> 553.04333
D85: Fator de utilização | E85: =E42 -> 0.19 | F85: =ROUND(E84*E85,2) -> 105.08
A87: 2.2. Uniformes e EPIs para motoristas
A88: Discriminação | B88: Unidade | C88: Durabilidade (meses) | D88: Custo unitário | E88: Subtotal | F88: Total (R$)
A89: Protetor solar (frasco de 120g) | B89: frasco 120g | C89: 2 | D89: 18.76 | E89: =IFERROR(D89/C89,0) -> 9.38
A90: Jaqueta com refletivo que atenda a NBR 15.292 | B90: unidade | C90: 6 | D90: 170 | E90: =IFERROR(D90/C90,0) -> 28.333333
A91: Calças compridas com sinalização refletiva | B91: unidade | C91: 6 | D91: 70 | E91: =IFERROR(D91/C91,0) -> 11.666667
A92: Camisa com mangas curtas em malha de algodão com sinalização refletiva | B92: unidade | C92: 3 | D92: 26 | E92: =IFERROR(D92/C92,0) -> 8.6666667
A93: Camisa com mangas longas em malha de algodão com sinalização refletiva | B93: unidade | C93: 3 | D93: 30 | E93: =IFERROR(D93/C93,0) -> 10
A94: Calçado de segurança do tipo tênis aprovado, no mínimo, para proteção contra impactos de quedas sobre os artelhos e contra agentes abrasivos, escoriantes e perfurantes, com absorção de energia na área do salto (calcanhar) e com resistência ao escorregamento | B94: par | C94: 3 | D94: 70 | E94: =IFERROR(D94/C94,0) -> 23.333333
A95: Capa de chuva na cor amarela, com refletivo que atenda a NBR 15.292 | B95: unidade | C95: 6 | D95: 42 | E95: =C95*D95 -> 252
A96: Meia de algodão com cano alto | B96: par | C96: 3 | D96: 10 | E96: =C96*D96 -> 30
A97: Total do Efetivo | B97: homem | C97: =E29 -> 1 | D97: =+SUM(E89:E96) -> 373.38 | E97: =C97*D97 -> 373.38
D98: Fator de utilização | E98: =E51 -> 0.32 | F98: =ROUND(E97*E98,2) -> 119.48
A100: Custo Mensal com Uniformes e EPIs (R$/mês) | F100: =+F85+F98 -> 224.56
A102: 3. Veículos e Equipamentos
A103: 3.1. Veículo Coletor Compactador 12 m³
A104: 3.1.1. Depreciação
A105: Discriminação | B105: Unidade | C105: Quantidade | D105: Custo unitário | E105: Subtotal | F105: Total (R$)
A106: a) Custo de aquisição do veículo coletor com compactador | B106: unidade | C106: 1 | D106: 592356.03 | E106: =C106*D106 -> 592356.03
A107: b) Valor residual | B107: R$ | C107: 0.35 | D107: =D106 -> 592356.03 | E107: =D107*C107 -> 207324.61
A108: c) Valor depreciável | B108: R$ | C108: 1 | D108: a - b | E108: =E106-E107 -> 385031.42
A109: d) Vida útil do veículo | B109: meses | C109: 120
A110: e) Depreciação mensal do veículo | B110: R$/mensal | C110: 1 | D110: c/d | E110: =ROUND(E108/C109,2) -> 3208.6
D111: Fator de utilização | E111: =F31 -> 1 | F111: =ROUND(E111*E110,2) -> 3208.6
A113: 3.1.2. Remuneração de capital
...

Sheet 2.Encargos Sociais
A2: 2. Composição dos Encargos Sociais
A3: Código | B3: Descrição | C3: Valor
A4: A1 | B4: INSS | C4: 0.2
A5: A2 | B5: SESI | C5: 0.015
A6: A3 | B6: SENAI | C6: 0.01
A7: A4 | B7: INCRA | C7: 0.002
A8: A5 | B8: SEBRAE | C8: 0.006
A9: A6 | B9: Salário educação | C9: 0.025
A10: A7 | B10: Seguro contra acidentes de trabalho | C10: 0.03
A11: A8 | B11: FGTS | C11: 0.08
A12: A | B12: SOMA GRUPO A | C12: =SUM(C4:C11) -> 0.368
A14: B1 | B14: Férias gozadas | C14: =ROUND(IF('3.CAGED'!B22>24,(1-12/'3.CAGED'!B22)*0.1111,0.1111-C23),4) -> 0.0496
A15: B2 | B15: 13º salário | C15: =ROUND('3.CAGED'!B26/'3.CAGED'!B23,4) -> 0.0833
A16: B3 | B16: Licença Paternidade | C16: 0.0077
A17: B4 | B17: Faltas justificadas | C17: 0.0082
A18: B5 | B18: Auxilio acidente de trabalho | C18: 0.0031
A19: B6 | B19: Auxilio doença | C19: 0.0166
A20: B | B20: SOMA GRUPO B | C20: =SUM(C14:C19) -> 0.1685
A22: C1 | B22: Aviso prévio indenizado | C22: =ROUND(('3.CAGED'!B27) *'3.CAGED'!B20/'3.CAGED'!B23,4) -> 0.0284
A23: C2 | B23: Férias indenizadas | C23: =ROUND(IF('3.CAGED'!B22>12,12/'3.CAGED'!B22*0.1111,0.1111),4) -> 0.0615
A24: C3 | B24: Férias indenizadas s/ aviso previo inden. | C24: =C22*C23 -> 0.0017466
A25: C4 | B25: Depósito rescisão sem justa causa | C25: =ROUND(('3.CAGED'!B23+'3.CAGED'!B24+'3.CAGED'!B26)/'3.CAGED'!B21*'3.CAGED'!B28*'3.CAGED'!B29*'3.CAGED'!B20/'3.CAGED'!B23,4) -> 0.0199
A26: C5 | B26: Indenização adicional | C26: =ROUND(('3.CAGED'!B25/'3.CAGED'!B23)*'3.CAGED'!B20/12,4) -> 0.0022
A27: C | B27: SOMA GRUPO C | C27: =SUM(C22:C26) -> 0.1137466
A29: D1 | B29: Reincidência de Grupo A sobre Grupo B | C29: =ROUND(C12*C20,4) -> 0.062
A30: D2 | B30: Reincidência de FGTS sobre aviso prévio indenizado | C30: =ROUND((C22*C11),4) -> 0.0023
A31: D | B31: SOMA GRUPO D | C31: =SUM(C29:C30) -> 0.0643
B32: SOMA (A+B+C+D) | C32: =C31+C27+C20+C12 -> 0.7145466

Sheet 3.CAGED
A2: 3. CAGED
A3: Componente (I) | B3: Dados (II)
A4: 1. Admissões (Quadro 8 - 2023) | B4: 3616
A5: 2. Desligamentos (Quadro 8 - 2023) | B5: 3200
A6: a. Dispensados com justa causa (2,17%) (Quadro 9 - IIIa)*II2 | B6: 69
A7: b. Dispensados sem justa causa (58,69%) (Quadro 9 - IIIb)*II2 | B7: 1910
A8: c. Espontâneos (18,32%) (Quadro 9 - IIIc)*II2 | B8: 586
A9: d. Fim de contrato por prazo determinado (1,08%) (Quadro 9 - IIId)*II2 | B9: 35
A10: e. Término de contrato (17,23%) (Quadro 9 - IIIe)*II2 | B10: 551
A11: f. Aposentados (0,05%) (Quadro 9 - IIIf)*II2 | B11: 2
A12: g. Mortos (1,48%) (Quadro 9 - IIIg)*II2 | B12: 47
A13: Transferência de saída | B13: 0
A14: Acordo | B14: 0
A15: Indicadores (III) | B15: Dados (IV)
A16: 3. Estoque do início do período (Quadro 8 - 2022) | B16: 5953
A17: 4. Estoque do final do período (Quadro 8 - 2023) | B17: 6369
A18: 5. Variação Emprego Absoluta de 01-01-2019 a 31-12-2019 | B18: 416
A19: 6. Estoque Médio | B19: 6161
A20: 7. % Demitidos s/ Justa Causa em relação ao Estoque Médio | B20: 0.31001461
A21: 8. Taxa de Rotatividade | B21: 0.55315696
A22: 9. Rotatividade temporal (meses) | B22: 21.693662
A23: 10. Dias ano | B23: 360
A24: 11. 1/3 de férias (dias) | B24: 10
A25: 12. Férias (dias) | B25: 30
A26: 13. 13º Salário (dias) | B26: 30
A27: 14. Dias de Aviso prévio | B27: 33
... A29: 16. Multa FGTS | B29: 0.4

Sheet 4.BDI
A2: 4. Composição da taxa BDI - Benefícios e Despesas Indiretas
A3: Componente | B3: Sigla | C3: Valor
A4: Administração Central | B4: AC | C4: 0.0369
A5: Seguros/Riscos/Garantias | B5: SRG | C5: 0.0106
A6: Lucro | B6: L | C6: 0.12
A7: Taxa de juros anual | B7: i | C7: 0.105
A8: Dias úteis entre execução e pagamento | B8: DU | C8: 30
A9: Despesas Financeiras (1+i)^(DU/252)-1 | B9: DF | C9: 0.01195
A10: Tributos - ISS | B10: T | C10: 0.02
A11: Tributos - PIS/COFINS | C11: 0.0365
A12: Resultado do cálculo da BDI: | B12: BDI | C12: =ROUND((((1+C4+C5)*(1+C6)*(1+C9))/(1-(C10+C11))-1),4) -> 0.2583

Sheet 5. Depreciação
A1: 5. Depreciação Referencial TCE/RS (%)
A2: Idade do veículo (ano) | B2: Depreciação Média
A3: 1 | B3: 33.63
A4: 2 | B4: 43.13
A5: 3 | B5: 48.68
A6: 4 | B6: 52.62
A7: 5 | B7: 55.68
A8: 6 | B8: 58.18
A9: 7 | B9: 60.29
A10: 8 | B10: 62.12
A11: 9 | B11: 63.73
A12: 10 | B12: 65.18
A13: 11 | B13: 66.48
A14: 12 | B14: 67.67
... A17: 15 | B17: 70.73

Sheet 6.Remuneração de capital
A1: 6. Remuneração de Capital
A3: Fórmula de cálculo da remuneração de capital:
A12: Jm = remuneração de capital mensal
A13: i = taxa de juros do mercado (sugere-se adotar a taxa SELIC)
A14: Im = investimento médio
A15: V0 = valor inicial do bem
A16: Vr = valor residual do bem
A17: n = vida útil do bem em anos

Sheet 7. Dimensionamento
A1: 7. Dimensionamento da frota
A2: Data | B2: Geração de resíduos (kg) | C2: Data | D2: Geração de resíduos (kg) | E2: Data | F2: Geração de resíduos (kg)
A3: 45202 | B3: 3580 | C3: 45233 | D3: 2450 | E3: 45262 | F3: 4500
A4: 45205 | B4: 3260 | C4: 45234 | D4: 5250 | E4: 45265 | F4: 3280
A5: 45206 | B5: 3810 | C5: 45237 | D5: 4740 | E5: 45268 | F5: 3500
A6: 45209 | B6: 4240 | C6: 45240 | D6: 3360 | E6: 45269 | F6: 3780
A7: 45212 | B7: 3050 | C7: 45241 | D7: 4000 | E7: 45272 | F7: 4800
A8: 45213 | B8: 4210 | C8: 45244 | D8: 3530 | E8: 45275 | F8: 4100
A9: 45216 | B9: 4110 | C9: 45247 | D9: 3790 | E9: 45276 | F9: 3150
A10: 45219 | B10: 3850 | C10: 45248 | D10: 5360 | E10: 45279 | F10: 4000
A11: 45220 | B11: 3380 | C11: 45251 | D11: 4200 | E11: 45282 | F11: 3350
A12: 45223 | B12: 3650 | C12: 45254 | D12: 4990 | E12: 45283 | F12: 3880
A13: 45226 | B13: 3120 | C13: 45255 | D13: 4160 | E13: 45286 | F13: 5200
A14: 45227 | B14: 4000 | C14: 45258 | D14: 4830 | E14: 45289 | F14: 4350
A15: 45230 | B15: 3280 | C15: 45261 | D15: 3020 | E15: 45290 | F15: 5130
A16: a) Total de resíduos gerados no período (kg) | F16: =SUM(B3:B15,D3:D15,F3:F15) -> 154240
A17: b) Intervalo de dias da amostragem (dias) | F17: 90
A18: c) População estimada pelo IBGE (hab) | F18: 4447
A19: d) Geração total diária (kg) d = a/b | F19: =ROUND(F16/F17,2) -> 1713.78
A20: e) Geração per capita diária (kg/dia/hab) e = d/c | F20: =ROUND(F19/F18,3) -> 0.385
A21: f) Geração total mensal (kg/mês) f = d*30 | F21: =ROUND(F19*30,2) -> 51413.4
A22: g) Número de dias de coleta por semana (dias) | F22: 2
A23: h) Quantitativo diário de coleta (kg/dia) h = d*7/g | F23: =ROUND(F19*7/F22,2) -> 5998.23
A24: i) Volume do compactador (m³) | F24: 12
A25: j) Capacidade nominal de carga (kg) j = (i*500) | F25: =F24*500 -> 6000
A26: k) Número de cargas por dia (cargas) k = j/h | F26: =ROUND(F25/F23,2) -> 1

Sheet 8. Cronograma
A1: CRONOGRAMA
A2: 1. Coleta de Resíduos Sólidos
A3: ETAPA 1 | B3: ETAPA 2 | C3: ETAPA 3 | D3: ETAPA 4 | E3: ETAPA 5 | F3: ETAPA 6 | G3: ETAPA 7 | H3: ETAPA 8 | I3: ETAPA 9 | J3: ETAPA 10 | K3: ETAPA 11 | L3: ETAPA 12
A4: 27674.48 | B4: 27674.48 | C4: 27674.48 | D4: 27674.48 | E4: 27674.48 | F4: 27674.48 | G4: 27674.48 | H4: 27674.48 | I4: 27674.48 | J4: 27674.48 | K4: 27674.48 | L4: 27674.48
